[Event "Titled Tuesday Blitz January 31 Late 2023"]
[White "Ibadov, Dashgyn"]
[Black "Kosakowski, Jakub"]
[WhiteFideId "24107514"]
[BlackFideId "1185080"]
[WhiteElo "2391"]
[BlackElo "2485"]
[Result "1-0"]
[Round "05"]
[TimeControl "180+2"]
[Date "2023.01.31"]
[WhiteClock "0:02:36"]
[BlackClock "0:02:09"]

1. e4 c6 2. d4 d5 3. Nc3 dxe4 4. Nxe4 Bf5 5. Ng3 Bg6 6. h4 h6 7. h5 Bh7 8. Nf3 Nd7 9. Bd3 Bxd3 10. Qxd3 e6 11. Bd2 Ngf6 12. O-O-O Be7 13. Ne4 O-O 14. g4 c5 15. g5 Ng4 16. gxh6 f5 17. hxg7 Kxg7 18. Neg5 Qb6 19. Qc4 1-0


[Site "https://www.chess.com"]

[Event "Titled Tuesday Blitz January 31 Late 2023"]
[White "Boros, Denes"]
[Black "Sohal, Tanraj"]
[WhiteFideId "722340"]
[BlackFideId "2608499"]
[WhiteElo "2406"]
[BlackElo "2234"]
[Result "1-0"]
[Round "05"]
[TimeControl "180+2"]
[Date "2023.01.31"]
[WhiteClock "0:01:58"]
[BlackClock "0:01:44"]

1. d4 d5 2. Nc3 e6 3. Nf3 Nf6 4. Bg5 Be7 5. Bxf6 Bxf6 6. e4 dxe4 7. Nxe4 Be7 8. Qd3 Nd7 9. O-O-O O-O 10. h4 Nf6 11. Nfg5 g6 12. Kb1 Nxe4 13. Nxe4 b6 14. h5 Kg7 15. Qe3 Rh8 16. Bc4 Bb7 17. d5 exd5 18. h6+ Kg8 19. Qc3 f6 20. Rhe1 Kf7 21. Ng5+ Kg8 22. Ne6 Qd6 23. Nxc7 Rc8 24. Nxd5 Bxd5 25. Bxd5+ 1-0


[Site "https://www.chess.com"]

[Event "Titled Tuesday Blitz January 31 Late 2023"]
[White "Yedidia, Daniel"]
[Black "Mikaelyan, Arman"]
[WhiteFideId "30905907"]
[BlackFideId "13304852"]
[WhiteElo "2041"]
[BlackElo "2523"]
[Result "0-1"]
[Round "05"]
[TimeControl "180+2"]
[Date "2023.01.31"]
[WhiteClock "0:00:27"]
[BlackClock "0:01:10"]

1. d4 a6 2. Nf3 b5 3. g3 Bb7 4. Bg2 e6 5. O-O Nf6 6. a4 b4 7. Nbd2 Be7 8. b3 O-O 9. Bb2 d6 10. Re1 Nbd7 11. e4 a5 12. h3 d5 13. e5 Ne8 14. Nf1 c5 15. Ne3 Rc8 16. Qe2 Qb6 17. Rad1 Ba6 18. Qd2 c4 19. bxc4 dxc4 20. c3 Nc7 21. h4 Rfd8 22. Ng5 Nxe5 23. Be4 Bxg5 24. hxg5 Bb7 25. Qc2 Nf3+ 26. Kf1 Bxe4 27. Qxe4 Nxe1 28. Rxe1 Nd5 29. Ng4 bxc3 30. Bc1 c2 31. Kg1 0-1


[Site "https://www.chess.com"]

[Event "Titled Tuesday Blitz January 31 Late 2023"]
[White "Trost, Edvin"]
[Black "Graif, William"]
[WhiteFideId "1729519"]
[BlackFideId "2609835"]
[WhiteElo "2399"]
[BlackElo "2304"]
[Result "1-0"]
[Round "05"]
[TimeControl "180+2"]
[Date "2023.01.31"]
[WhiteClock "0:00:46"]
[BlackClock "0:00:02"]

1. d4 Nf6 2. c4 e5 3. dxe5 Ng4 4. e4 d6 5. exd6 Bxd6 6. Be2 h5 7. Nf3 Nc6 8. h3 Nge5 9. Nxe5 Nxe5 10. Be3 Bb4+ 11. Nc3 Bxc3+ 12. bxc3 Be6 13. Qd4 Qxd4 14. cxd4 Nxc4 15. Bf4 c6 16. O-O O-O-O 17. Rfd1 Nd6 18. f3 Bc4 19. Bxc4 Nxc4 20. Rac1 b5 21. Kf2 Rd7 22. a4 a6 23. axb5 axb5 24. Ra1 Kb7 25. d5 cxd5 26. exd5 Rhd8 27. d6 Nxd6 28. Rd5 Kc6 29. Rxh5 g6 30. Re5 Nf5 31. Ra6+ Kb7 32. Rf6 Nd6 33. Rd5 Kc6 34. Rdxd6+ Rxd6 35. Bxd6 Rxd6 36. Rxf7 b4 37. Rf8 Kc5 38. Rc8+ Kd4 39. Ke2 b3 40. Kd2 Rb6 41. Rd8+ Ke5 42. Kc1 b2+ 43. Kb1 Kf4 44. Rd2 g5 45. Rd5 Rb4 46. Rc5 Rb3 47. Ra5 Rb4 48. Rd5 Rb3 49. Ra5 Rb4 50. g4 Rb3 51. Rf5+ Kg3 52. Rxg5 Kxh3 53. f4 Kh4 54. Rg8 Rb4 55. f5 Rb6 56. Rg6 Rb5 57. f6 Rb7 58. Rg7 Rb6 59. g5 Kh5 60. f7 1-0


[Site "https://www.chess.com"]

[Event "Titled Tuesday Blitz January 31 Late 2023"]
[White "Paveto, Kevin"]
[Black "Zochowski, Kacper"]
[WhiteFideId "173444"]
[BlackFideId "1125494"]
[WhiteElo "2427"]
[BlackElo "2262"]
[Result "1-0"]
[Round "05"]
[TimeControl "180+2"]
[Date "2023.01.31"]
[WhiteClock "0:00:17"]
[BlackClock "0:00:49"]

1. e4 d6 2. d4 Nf6 3. Nc3 e5 4. Nf3 Nbd7 5. g3 g6 6. Bg2 Bg7 7. O-O O-O 8. a4 c6 9. Re1 Qc7 10. b3 Re8 11. Bb2 a6 12. a5 exd4 13. Nxd4 Nc5 14. h3 Bd7 15. Qd2 Rad8 16. f4 Ne6 17. Nxe6 Bxe6 18. Ne2 Nxe4 19. Bxe4 Bxb2 20. Ra4 Bg7 21. f5 Bc8 22. fxg6 hxg6 23. Bg2 d5 24. Nf4 Rxe1+ 25. Qxe1 Bh6 26. Qf2 Qd7 27. Rd4 Bg7 28. Rd1 Qc7 29. b4 Re8 30. h4 Bh6 31. h5 Bxf4 32. gxf4 Bf5 33. hxg6 fxg6 34. c3 Qe7 35. Bf1 Qe3 36. c4 Qxf2+ 37. Kxf2 Be6 38. cxd5 Bxd5 39. Bd3 Kf7 40. Rg1 Be4 41. Bc4+ Kf6 42. Rd1 Bf5 43. Rd6+ Ke7 44. Rd1 Rh8 45. Re1+ Kf6 46. Rd1 Rh4 47. Ke3 Ke7 48. Rf1 Be6 49. Bd3 Kf6 50. Kd4 Rh3 51. Bc2 Bf7 52. Rf2 Rh5 53. Be4 Rb5 54. Kc3 c5 55. bxc5 Rxc5+ 56. Kd4 Rb5 57. Rc2 Be6 58. Rc7 Rxa5 59. Rxb7 Ra4+ 60. Ke3 Ra3+ 61. Kd4 a5 62. Rb6 Rb3 63. Ra6 Rb4+ 64. Ke3 Rb3+ 65. Kd4 Rb4+ 66. Ke3 Rb5 67. Bd3 Rc5 68. Kd4 Rd5+ 69. Ke3 Rh5 70. Bc4 1-0


[Site "https://www.chess.com"]

[Event "Titled Tuesday Blitz January 31 Late 2023"]
[White "Mekhitarian, Krikor Sevag"]
[Black "Jimenez Almeida, Luis David"]
[WhiteFideId "2107660"]
[BlackFideId "22242244"]
[WhiteElo "2537"]
[BlackElo "2242"]
[Result "1-0"]
[Round "05"]
[TimeControl "180+2"]
[Date "2023.01.31"]
[WhiteClock "0:01:23"]
[BlackClock "0:00:12"]

1. d4 g6 2. e4 Bg7 3. Nc3 c6 4. f4 d5 5. e5 h5 6. Nf3 Bg4 7. Be3 Nh6 8. h3 Bxf3 9. Qxf3 h4 10. Bf2 Nf5 11. Bd3 e6 12. O-O Nd7 13. Ne2 Qe7 14. b3 a5 15. c4 dxc4 16. bxc4 Kf8 17. Rab1 Nb8 18. Rb2 Na6 19. Rfb1 Rb8 20. Be4 Kg8 21. Kh2 Kh7 22. Qc3 a4 23. Rb6 Bh6 24. Qf3 Rhc8 25. a3 Rc7 26. Rxa6 bxa6 27. Rxb8 1-0


[Site "https://www.chess.com"]

[Event "Titled Tuesday Blitz January 31 Late 2023"]
[White "Jeet, Jain"]
[Black "Erdogdu, Mert"]
[WhiteFideId "5073022"]
[BlackFideId "6301495"]
[WhiteElo "2199"]
[BlackElo "2413"]
[Result "0-1"]
[Round "05"]
[TimeControl "180+2"]
[Date "2023.01.31"]
[WhiteClock "0:00:16"]
[BlackClock "0:01:11"]

1. Nf3 d5 2. g3 e6 3. Bg2 c5 4. O-O Nf6 5. d4 Be7 6. c3 O-O 7. Re1 b6 8. Bg5 Nbd7 9. Nbd2 Bb7 10. Bxf6 Nxf6 11. Ne5 cxd4 12. cxd4 Rc8 13. Qa4 a6 14. Rac1 Qd6 15. e3 Qb4 16. Qxb4 Bxb4 17. Nef3 Ne4 18. Rxc8 Rxc8 19. Rd1 Nxd2 20. Nxd2 Rc2 21. Nf3 Rxb2 22. Rc1 Bd6 23. a4 f6 24. Bf1 Kf7 25. Ne1 Rb4 26. Ra1 Bc6 27. Bxa6 Rxa4 28. Rxa4 Bxa4 29. Bd3 g6 30. Kf1 b5 31. Ke2 b4 32. Kd2 Ke7 33. Nc2 b3 34. Ne1 Bb4+ 35. Kd1 b2+ 36. Ke2 Bb5 0-1


[Site "https://www.chess.com"]

[Event "Titled Tuesday Blitz January 31 Late 2023"]
[White "Costachi, Mihnea"]
[Black "Carbone, Diego"]
[WhiteFideId "1217518"]
[BlackFideId "3002179"]
[WhiteElo "2476"]
[BlackElo "2336"]
[Result "1-0"]
[Round "05"]
[TimeControl "180+2"]
[Date "2023.01.31"]
[WhiteClock "0:00:10"]
[BlackClock "0:00:05"]

1. Nc3 e6 2. d4 d5 3. Bf4 Nf6 4. e3 Bb4 5. Bd3 Nbd7 6. a3 Bxc3+ 7. bxc3 c5 8. c4 cxd4 9. exd4 O-O 10. Nf3 b6 11. O-O dxc4 12. Bxc4 Bb7 13. Ne5 Rc8 14. Bd3 Nd5 15. Qg4 N7f6 16. Qh4 Nxf4 17. Qxf4 Qd5 18. Nf3 Rfd8 19. Rfd1 Qh5 20. Ne5 h6 21. c4 Qg5 22. Qxg5 hxg5 23. Be2 Nd7 24. Nf3 g4 25. Nd2 Nf6 26. Nb3 Ba6 27. Rac1 g6 28. Kf1 Kg7 29. c5 Bxe2+ 30. Kxe2 bxc5 31. Nxc5 Nd5 32. g3 Rb8 33. Rd2 Rb5 34. Kf1 Rh8 35. Kg2 Rhb8 36. h3 gxh3+ 37. Kxh3 Rb2 38. Rcc2 Rxc2 39. Rxc2 Rb1 40. Kg2 Rd1 41. Rc4 Rd2 42. Ra4 Ne3+ 43. Kf3 Nd1 44. Ne4 Ra2 45. Rxa7 Nb2 46. Nd6 g5 47. Nxf7 Kg6 48. Ne5+ Kh6 49. Ra6 Nd1 50. Rxe6+ Kg7 51. Kg4 Nxf2+ 52. Kf5 Rxa3 53. Re7+ Kg8 54. g4 Rd3 55. Nxd3 Nxd3 56. Kxg5 1-0


[Site "https://www.chess.com"]

[Event "Titled Tuesday Blitz January 31 Late 2023"]
[White "Ekdyshman, Mikhail"]
[Black "Bjelobrk, Igor"]
[WhiteFideId "4149416"]
[BlackFideId "4300726"]
[WhiteElo "2264"]
[BlackElo "2403"]
[Result "1/2-1/2"]
[Round "05"]
[TimeControl "180+2"]
[Date "2023.01.31"]
[WhiteClock "0:00:15"]
[BlackClock "0:00:26"]

1. d4 Nf6 2. Nf3 e6 3. h3 c5 4. e3 b6 5. Bd3 Bb7 6. b3 cxd4 7. exd4 Be7 8. O-O O-O 9. c4 d5 10. Bb2 Nc6 11. Re1 Rc8 12. a3 dxc4 13. bxc4 Na5 14. Ne5 Nd7 15. Qh5 g6 16. Nxg6 fxg6 17. Bxg6 Nf6 18. Qh6 hxg6 19. Qxg6+ Kh8 20. d5 Qe8 21. Qh6+ Kg8 22. Qg5+ Kh7 23. Rxe6 Qf7 24. Nd2 Nxc4 25. Qf5+ Kg8 26. Qg5+ Qg7 27. Qxg7+ Kxg7 28. Rxe7+ Rf7 29. Rxf7+ Kxf7 30. Nxc4 Rxc4 31. d6 Ne4 32. Rd1 Ke8 33. d7+ Kd8 34. f3 Nc3 35. Rd3 Nd5 36. h4 Kxd7 37. h5 Ke6 38. h6 Rh4 39. Bg7 b5 40. Rd4 Rh5 41. g4 Rh4 42. g5 Rh5 43. g6 Ne7 44. Rg4 Kf5 45. h7 Nxg6 46. Rxg6 Kxg6 47. h8=Q Rxh8 48. Bxh8 Bxf3 49. Bd4 a6 50. Kf2 Bc6 51. Ke3 Kf5 52. Bb6 Ke6 53. Kd4 Kd6 54. Ba5 Bd7 55. Bb4+ Kc6 56. Ba5 Be6 57. Bd8 Bg8 58. Ba5 Kd6 59. Bb4+ Kc6 60. Ba5 Bb3 61. Kc3 Ba4 62. Kd4 Kd6 63. Bb4+ Kc6 64. Ba5 Bb3 65. Kc3 Ba2 66. Kd4 Bb1 67. Kc3 Kc5 68. Bb4+ Kd5 69. Ba5 Bf5 70. Kb4 Bd7 71. Bb6 Kc6 72. Ba5 Kd5 73. Bd8 Kc6 74. Ba5 Kb7 75. Bd8 Bc6 76. Ba5 Be8 77. Bd8 Bf7 78. Ba5 Be8 79. Bd8 Bd7 80. Be7 Be8 81. Bd8 1/2-1/2


[Site "https://www.chess.com"]

[Event "Titled Tuesday Blitz January 31 Late 2023"]
[White "Darini, Pouria"]
[Black "Novikov, Evgenij"]
[WhiteFideId "12502200"]
[BlackFideId "4125380"]
[WhiteElo "2401"]
[BlackElo "2276"]
[Result "1-0"]
[Round "05"]
[TimeControl "180+2"]
[Date "2023.01.31"]
[WhiteClock "0:02:03"]
[BlackClock "0:00:01"]

1. d4 d5 2. c4 e6 3. Nc3 Nf6 4. cxd5 exd5 5. Bg5 c6 6. e3 h6 7. Bh4 Be7 8. Bd3 O-O 9. Nge2 Re8 10. O-O Nbd7 11. f3 c5 12. Qd2 a6 13. Rad1 cxd4 14. Nxd4 Ne5 15. Bb1 Nc4 16. Qf2 g5 17. Bg3 Bd6 18. Rfe1 Qc7 19. Rc1 Bxg3 20. hxg3 Qd6 21. g4 Bd7 22. Bf5 Rac8 23. Bxd7 Nxd7 24. Nf5 Qg6 25. Nxd5 Kf8 26. e4 Nce5 27. Rxc8 Rxc8 28. Nfe7 Qe6 29. Nxc8 Nd3 30. Qd4 1-0


[Site "https://www.chess.com"]

[Event "Titled Tuesday Blitz January 31 Late 2023"]
[White "Martinez Ramirez, Lennis"]
[Black "Matko, Ognjen"]
[WhiteFideId "3509079"]
[BlackFideId "14509717"]
[WhiteElo "2426"]
[BlackElo "2295"]
[Result "1-0"]
[Round "05"]
[TimeControl "180+2"]
[Date "2023.01.31"]
[WhiteClock "0:00:20"]
[BlackClock "0:00:02"]

1. c4 c5 2. Nf3 Nc6 3. Nc3 g6 4. d4 cxd4 5. Nxd4 Bg7 6. e3 Nf6 7. g3 d5 8. Bg2 e6 9. Nxc6 bxc6 10. O-O O-O 11. Qa4 Qb6 12. Rd1 Ba6 13. Bf1 Bb7 14. Qa3 Rfd8 15. Na4 Qc7 16. Bd2 Ne4 17. Bb4 a5 18. Be1 d4 19. Bg2 c5 20. f3 Ng5 21. e4 d3 22. Bf2 f5 23. Nxc5 Bf8 24. h4 Nxf3+ 25. Bxf3 fxe4 26. Nxe6 Qe5 27. Nxf8 Rxf8 28. Rxd3 Rxf3 29. Rxf3 exf3 30. Re1 Qf5 31. Re3 Qh3 32. Rxf3 Rd8 33. Qb3 Be4 34. c5+ Bd5 35. Qd3 Qg4 36. Rf4 Qh3 37. Re4 Qf5 38. Rd4 Qe6 39. Be3 1-0


[Site "https://www.chess.com"]

[Event "Titled Tuesday Blitz January 31 Late 2023"]
[White "Senthilkumar, Pranav"]
[Black "Alex_Sahakyan2006"]
[WhiteFideId "2083477"]
[WhiteElo "1854"]
[BlackElo "2668"]
[Result "1/2-1/2"]
[Round "05"]
[TimeControl "180+2"]
[Date "2023.01.31"]
[WhiteClock "0:00:06"]
[BlackClock "0:00:04"]

1. d4 Nf6 2. c4 c5 3. d5 b5 4. cxb5 a6 5. e3 g6 6. Nf3 Bg7 7. Nc3 O-O 8. e4 d6 9. Be2 axb5 10. Bxb5 Nxe4 11. O-O Bxc3 12. bxc3 Nxc3 13. Qd3 Nxb5 14. Qxb5 Ba6 15. Qb2 Bxf1 16. Bh6 f6 17. Bxf8 Bc4 18. Qb7 Qxf8 19. Qxa8 Na6 20. Qb7 Nb4 21. a4 Bxd5 22. Qb6 Qa8 23. Ne1 Bc4 24. a5 Kf7 25. Nf3 Ba6 26. Re1 Bb7 27. Qc7 Nd5 28. Qd7 Bc8 29. Qd8 Kg7 30. h4 Qb7 31. h5 Bg4 32. h6+ Kxh6 33. Qf8+ Kh5 34. Qg7 h6 35. Nh2 Nf4 36. f3 Qb2 37. fxg4+ Kg5 38. Nf3+ Kxg4 39. Nh4 Kxh4 40. Qxh6+ Kg4 41. Qh2 Qd4+ 42. Kh1 Nd3 43. Qh3+ Kg5 44. Qg3+ Kh6 45. Rxe7 Nf2+ 46. Kh2 Ng4+ 47. Kh3 Nf2+ 48. Kh2 Ng4+ 49. Kh3 Nf2+ 50. Kh2 1/2-1/2


[Site "https://www.chess.com"]

[Event "Titled Tuesday Blitz January 31 Late 2023"]
[White "Papayan, Oleg"]
[Black "Petkov, Momchil"]
[WhiteFideId "4193911"]
[BlackFideId "2921642"]
[WhiteElo "2253"]
[BlackElo "2522"]
[Result "0-1"]
[Round "05"]
[TimeControl "180+2"]
[Date "2023.01.31"]
[WhiteClock "0:01:55"]
[BlackClock "0:00:30"]

1. e4 c5 2. Nf3 e6 3. d4 cxd4 4. Nxd4 a6 5. Bd3 Bc5 6. Nb3 Ba7 7. Qe2 Ne7 8. Nc3 O-O 9. Bf4 d6 10. O-O-O Ng6 11. Bg3 Nc6 12. h4 Nge5 13. h5 h6 14. Kb1 b5 15. f4 Nxd3 16. Qxd3 b4 17. Ne2 a5 18. Qxd6 Qxd6 19. Rxd6 Bb7 20. Rd7 Ba6 21. Rc7 Bxe2 22. Rxc6 a4 23. Nc1 Bb5 24. Rc7 Rfb8 25. Rd1 Bb6 26. f5 Bxc7 27. Bxc7 Rc8 28. Bf4 exf5 29. exf5 Rd8 30. Re1 Re8 31. Rd1 Rad8 32. Rh1 Re4 33. g3 Rd5 34. f6 Red4 35. Re1 Rd1 36. Re8+ Bxe8 37. fxg7 Kxg7 38. a3 bxa3 39. bxa3 Rb5+ 40. Ka2 Bd7 41. c4 Be6 0-1


[Site "https://www.chess.com"]

[Event "Titled Tuesday Blitz January 31 Late 2023"]
[White "Mortazavi, Ali"]
[Black "EREBUNI91"]
[WhiteFideId "401323"]
[WhiteElo "2333"]
[BlackElo "2685"]
[Result "0-1"]
[Round "05"]
[TimeControl "180+2"]
[Date "2023.01.31"]
[WhiteClock "0:00:02"]
[BlackClock "0:00:06"]

1. e4 c5 2. Nc3 d6 3. f4 Nc6 4. Nf3 g6 5. Bb5 Bd7 6. O-O Bg7 7. Bxc6 Bxc6 8. d4 cxd4 9. Nxd4 Nf6 10. e5 dxe5 11. fxe5 Nd5 12. e6 O-O 13. exf7+ Rxf7 14. Rxf7 Kxf7 15. Ne4 Qb6 16. Ng5+ Kg8 17. Ne6 Bf6 18. c4 Nc7 19. c5 Qb4 20. Nxc6 bxc6 21. Nxc7 Qxc5+ 22. Kh1 Rc8 23. Qd7 Rb8 24. Bh6 Qf5 25. Qxc6 g5 26. Qc4+ Kh8 27. h4 gxh4 28. Rf1 Qg6 29. Be3 Rc8 30. Bd4 h3 31. Bxf6+ exf6 32. gxh3 Qg3 33. Qe6 Qxc7 34. Qxf6+ Qg7 35. Qxg7+ Kxg7 36. Rf2 Rc1+ 37. Kg2 Ra1 38. a3 Rb1 39. Rc2 a5 40. Kg3 a4 41. Kg4 Rg1+ 42. Kf3 Rf1+ 43. Kg3 Rg1+ 44. Kf2 Rh1 45. Kg2 Rb1 46. Kg3 Rg1+ 47. Rg2 Rb1 48. Kf4+ Kf6 49. Ke4 Rh1 50. Rg3 Rh2 51. b3 axb3 52. Rxb3 Kg5 53. a4 Ra2 54. Rb4 Kh4 55. Kf3+ Kxh3 56. Re4 h5 57. Kf4 h4 58. Kg5 Kg3 59. Rxh4 Kf3 0-1


[Site "https://www.chess.com"]

[Event "Titled Tuesday Blitz January 31 Late 2023"]
[White "Golubev, Mikhail"]
[Black "Chor, Kevin"]
[WhiteFideId "14100983"]
[BlackFideId "2090740"]
[WhiteElo "2461"]
[BlackElo "1944"]
[Result "1-0"]
[Round "05"]
[TimeControl "180+2"]
[Date "2023.01.31"]
[WhiteClock "0:00:09"]
[BlackClock "0:00:12"]

1. e4 c5 2. Nf3 g6 3. d4 cxd4 4. Nxd4 Bg7 5. Nc3 Nc6 6. Be3 Nf6 7. Nxc6 bxc6 8. e5 Nd5 9. Nxd5 cxd5 10. Qxd5 Rb8 11. O-O-O Qc7 12. Bd4 O-O 13. Qc5 Qb7 14. Qxe7 Qd5 15. Qd6 Qb7 16. Bc4 Re8 17. Rhe1 Bf8 18. Qd5 Qxd5 19. Bxd5 Rb5 20. Bc4 Rb4 21. b3 Bb7 22. Bc3 Rb6 23. Rxd7 Re7 24. Rxe7 Bxe7 25. e6 f5 26. f3 Kf8 27. Kb2 h5 28. Bd4 Rc6 29. Bxa7 Rc8 30. Bd4 h4 31. h3 Rd8 32. Bc3 Ra8 33. a4 Rc8 34. a5 Bd6 35. Rd1 Ke7 36. Bf6+ Kxf6 37. Rxd6 Ke5 38. Rd7 Bc6 39. Rg7 Kf6 40. Rf7+ Kg5 41. e7 Be8 42. Rf8 Kf4 43. Be6 Ra8 44. Bf7 Rxa5 45. Bxe8 g5 46. Bd7 Kg3 47. Rxf5 Ra8 48. e8=Q Rxe8 49. Bxe8 g4 50. Rg5 Kh2 51. Rxg4 Kh1 52. Rxh4 Kxg2 53. Rg4+ Kh1 54. h4 Kh2 55. h5 1-0


[Site "https://www.chess.com"]

[Event "Titled Tuesday Blitz January 31 Late 2023"]
[White "Koellner, Ruben Gideon"]
[Black "Grycel, Kamil"]
[WhiteFideId "12993093"]
[BlackFideId "1115499"]
[WhiteElo "2426"]
[BlackElo "2315"]
[Result "0-1"]
[Round "05"]
[TimeControl "180+2"]
[Date "2023.01.31"]
[WhiteClock "0:00:08"]
[BlackClock "0:00:30"]

1. d4 Nf6 2. Nf3 e6 3. Nbd2 c5 4. e3 b6 5. c3 Bb7 6. Bd3 cxd4 7. exd4 Be7 8. O-O O-O 9. Qe2 Nd5 10. Ne4 f5 11. Ng3 Nc6 12. Re1 Rc8 13. a3 Qc7 14. c4 Nf4 15. Bxf4 Qxf4 16. d5 Nd8 17. Ne5 Rc7 18. Rad1 Bd6 19. b3 Bxa3 20. Bb1 Bb4 21. Nd3 Qd6 22. Nxb4 Qxb4 23. Qe3 f4 24. Qd3 g6 25. Ne4 exd5 26. cxd5 Nf7 27. Nf6+ Kg7 28. Ng4 Qc3 29. Qe4 Nd6 30. Qe7+ Nf7 31. d6 Rcc8 32. Qxd7 Qc6 33. Qe7 Qxg2# 0-1


[Site "https://www.chess.com"]

[Event "Titled Tuesday Blitz January 31 Late 2023"]
[White "Klose, Eli"]
[Black "Vovk, Orest"]
[WhiteFideId "16242955"]
[BlackFideId "14113490"]
[WhiteElo "1519"]
[BlackElo "2315"]
[Result "1-0"]
[Round "05"]
[TimeControl "180+2"]
[Date "2023.01.31"]
[WhiteClock "0:00:48"]
[BlackClock "0:00:15"]

1. e4 g5 2. d4 g4 3. Nc3 Bg7 4. Be3 d6 5. Nge2 h5 6. Qd2 c6 7. h3 Qa5 8. hxg4 hxg4 9. Rxh8 Bxh8 10. Ng3 Nd7 11. Be2 Ngf6 12. O-O-O b5 13. Rh1 Bg7 14. Nf5 Bf8 15. f3 b4 16. Nb1 Nb6 17. a3 Bxf5 18. axb4 Qa1 19. exf5 Na4 20. c3 Nd5 21. Bh6 Bxh6 22. Rxh6 Kd7 23. fxg4 a5 24. b5 Ne3 25. bxc6+ Kc7 26. Bb5 Rb8 27. Bxa4 Nc4 28. Qe2 Rxb2 29. Qxe7+ Kb6 30. Qb7# 1-0


[Site "https://www.chess.com"]

[Event "Titled Tuesday Blitz January 31 Late 2023"]
[White "Przybylski, Wojciech"]
[Black "Rosen, Eric"]
[WhiteFideId "1117599"]
[BlackFideId "2032562"]
[WhiteElo "2321"]
[BlackElo "2349"]
[Result "1-0"]
[Round "05"]
[TimeControl "180+2"]
[Date "2023.01.31"]
[WhiteClock "0:00:19"]
[BlackClock "0:00:11"]

1. e4 c5 2. Nf3 d6 3. Bb5+ Bd7 4. Bxd7+ Qxd7 5. c4 Nf6 6. Nc3 g6 7. O-O Bg7 8. d4 cxd4 9. Nxd4 O-O 10. f3 Rc8 11. b3 d5 12. exd5 Nxd5 13. Nxd5 e6 14. Be3 exd5 15. cxd5 Qxd5 16. Rf2 Nc6 17. Nxc6 Qxc6 18. Rc1 Qe6 19. Re2 Rxc1 20. Bxc1 Qb6+ 21. Be3 Rd8 22. Qe1 Bd4 23. h3 Bxe3+ 24. Rxe3 Re8 25. Kf2 f5 26. f4 Qd4 27. g3 g5 28. Qc3 Qxc3 29. Rxc3 gxf4 30. gxf4 Re7 31. Rc5 Rf7 32. Ke3 Kg7 33. Rd5 Kg6 34. Rd6+ Kh5 35. Kf3 Rc7 36. Rf6 Rc3+ 37. Kg2 Kh4 38. Rh6# 1-0


[Site "https://www.chess.com"]

[Event "Titled Tuesday Blitz January 31 Late 2023"]
[White "Cruz, William Ferreira Da"]
[Black "Adla, Diego"]
[WhiteFideId "2118050"]
[BlackFideId "100072"]
[WhiteElo "2216"]
[BlackElo "2383"]
[Result "1-0"]
[Round "05"]
[TimeControl "180+2"]
[Date "2023.01.31"]
[WhiteClock "0:00:40"]
[BlackClock "0:01:56"]

1. c4 e6 2. d4 d5 3. Nc3 Nf6 4. Bg5 Be7 5. cxd5 Nxd5 6. Bxe7 Qxe7 7. e4 Nxc3 8. bxc3 c5 9. Nf3 cxd4 10. cxd4 Qb4+ 11. Qd2 Qxd2+ 12. Kxd2 b6 13. Bb5+ Bd7 14. Bd3 Ke7 15. Rhc1 Rc8 16. Ne5 Nc6 17. Nxc6+ Rxc6 18. Rxc6 Bxc6 19. Rc1 Kd7 20. Ke3 Rc8 21. g4 f6 22. h4 h6 23. f4 Bb7 24. Bb5+ Ke7 25. Rxc8 Bxc8 26. f5 a6 27. Bc4 b5 28. Bxe6 Bxe6 29. fxe6 Kxe6 30. h5 a5 31. Kd3 Kd6 32. Kc3 Kc6 33. Kb3 Kd7 34. Kc3 Ke6 35. Kd3 Kf7 36. d5 g6 37. hxg6+ Kxg6 38. Kd4 Kf7 39. Kc5 b4 40. Kb5 Ke7 41. Kxa5 Kd6 42. Kxb4 1-0


[Site "https://www.chess.com"]

[Event "Titled Tuesday Blitz January 31 Late 2023"]
[White "Shubenkova, Veronika"]
[Black "Goroshkov, Maksym"]
[WhiteFideId "44124040"]
[BlackFideId "14142716"]
[WhiteElo "1960"]
[BlackElo "2287"]
[Result "1-0"]
[Round "05"]
[TimeControl "180+2"]
[Date "2023.01.31"]
[WhiteClock "0:00:33"]
[BlackClock "0:00:12"]

1. e4 e5 2. Nf3 d6 3. d4 Bg4 4. dxe5 Nd7 5. e6 fxe6 6. Be2 Ngf6 7. Nc3 Be7 8. Be3 O-O 9. Qd2 Bxf3 10. gxf3 Ne5 11. f4 Neg4 12. Rg1 Nxe3 13. fxe3 d5 14. e5 Ne4 15. Nxe4 dxe4 16. Qxd8 Raxd8 17. Bc4 Bb4+ 18. c3 Bc5 19. Ke2 b5 20. Bxe6+ Kh8 21. Rad1 Rde8 22. Bb3 c6 23. Rd7 Re7 24. Rxe7 Bxe7 25. Bc2 g5 26. f5 Rxf5 27. Bxe4 Rxe5 28. Bxc6 Bc5 29. Rg3 Bb6 30. e4 a5 31. Bd5 b4 32. cxb4 axb4 33. Rb3 Bc5 34. Kd3 Kg7 35. Kc4 Be7 36. a3 bxa3 37. bxa3 g4 38. a4 Rh5 39. Rg3 Rh4 40. a5 Bd6 41. Rg2 Kf6 42. Rf2+ Kg6 43. a6 Bb8 44. Rb2 Ba7 45. Kb5 Rh3 46. Kc6 Ra3 47. Kb7 Bg1 48. Rg2 Bd4 49. Rxg4+ Kf6 50. Rh4 Ra1 51. Rxh7 Rb1+ 52. Kc8 Ra1 53. Bb7 Be5 54. Rh6+ Kg5 55. Rh7 Kf6 56. h3 Ke6 57. Bd5+ Kd6 58. Rd7+ Kc5 59. a7 Kb6 60. a8=Q Rxa8+ 61. Bxa8 Bf4 62. Bd5 Kc5 63. h4 Kd4 64. Rf7 Be3 65. Rf5 Bd2 66. h5 Be3 67. Kd7 Bd2 68. Ke6 Be3 69. Kf6 Kc5 70. Kg6 Kd6 71. h6 Bd4 72. h7 Ke7 73. e5 Bxe5 74. Rxe5+ Kd6 75. h8=Q Kc5 76. Bg8+ Kd4 77. Re8+ Kc5 78. Qc3+ Kd6 79. Qd2+ Kc7 80. Re1 Kb6 81. Rc1 Ka7 82. Qb2 Ka8 83. Ra1# 1-0


[Site "https://www.chess.com"]

[Event "Titled Tuesday Blitz January 31 Late 2023"]
[White "Mladek, Richard"]
[Black "Kovacs, Klara"]
[WhiteFideId "386588"]
[BlackFideId "733210"]
[WhiteElo "2436"]
[BlackElo "2121"]
[Result "0-1"]
[Round "05"]
[TimeControl "180+2"]
[Date "2023.01.31"]
[WhiteClock "0:00:05"]
[BlackClock "0:00:27"]

1. c4 Nf6 2. Nf3 Nc6 3. d4 e6 4. Nc3 d5 5. cxd5 exd5 6. Qb3 Be7 7. Bg5 O-O 8. e3 Be6 9. Rc1 Rb8 10. Bd3 h6 11. Bh4 Na5 12. Qc2 Nc4 13. O-O c6 14. e4 dxe4 15. Nxe4 Nxe4 16. Bxe7 Qxe7 17. Bxe4 Rfd8 18. Rfe1 Qf6 19. Bd3 Nb6 20. a4 Nd5 21. Be4 Nf4 22. Qd2 Bd5 23. Bxd5 Rxd5 24. Re4 Nh3+ 25. Kh1 Rbd8 26. Rce1 Ng5 27. Nxg5 hxg5 28. Re8+ Rxe8 29. Rxe8+ Kh7 30. Qd3+ Qf5 31. Qxf5+ Rxf5 32. Kg1 Rd5 33. g3 Rxd4 34. Re7 Rxa4 35. Rxb7 Kg6 36. Rc7 Ra6 37. Kf1 f6 38. Ke2 Rb6 39. Ke3 Rxb2 40. Rxa7 c5 41. Rc7 Rc2 42. h3 f5 43. Rc6+ Kh5 44. f3 Rc3+ 45. Ke2 f4 46. g4+ Kh4 47. Rg6 c4 48. Rxg7 Rc2+ 49. Ke1 Ra2 50. Rc7 Ra4 51. Kf2 Ra2+ 52. Ke1 Rc2 53. Kd1 Rc3 54. Kd2 Rxf3 55. Rxc4 Rxh3 56. Ke2 Kxg4 57. Kf2 Rh2+ 58. Kg1 Ra2 59. Rc5 f3 60. Rc4+ Kg3 61. Rc1 g4 62. Kh1 Rh2+ 63. Kg1 f2+ 0-1


[Site "https://www.chess.com"]

[Event "Titled Tuesday Blitz January 31 Late 2023"]
[White "Djokic, Mihailo"]
[Black "Bas Mas, Jose Joaquin"]
[WhiteFideId "976440"]
[BlackFideId "22219064"]
[WhiteElo "2192"]
[BlackElo "2197"]
[Result "0-1"]
[Round "05"]
[TimeControl "180+2"]
[Date "2023.01.31"]
[WhiteClock "0:00:02"]
[BlackClock "0:00:12"]

1. e4 Nf6 2. e5 Nd5 3. c4 Nb6 4. d4 d6 5. exd6 cxd6 6. Nc3 g6 7. Be3 Bg7 8. Rc1 O-O 9. b3 Bf5 10. Be2 d5 11. c5 Nc8 12. h4 Nc6 13. g4 Be6 14. h5 f5 15. hxg6 hxg6 16. gxf5 Bxf5 17. Bf3 e6 18. Nge2 Qf6 19. Ng3 N8e7 20. Nce2 e5 21. dxe5 Nxe5 22. Bxd5+ Nxd5 23. Qxd5+ Be6 24. Qe4 Rad8 25. Nf4 Bg4 26. O-O Qh4 27. Nxg6 Nxg6 28. Qxg6 Rf3 29. Nh1 Rh3 30. Qe4 Qh5 31. Ng3 Qh4 32. Rfe1 Rf8 33. Rc4 Rxg3+ 34. fxg3 Qxg3+ 35. Qg2 Qxe1+ 36. Kh2 Be5+ 37. Bf4 Rxf4 38. Qd5+ Rf7+ 39. Kg2 Qf1# 0-1


[Site "https://www.chess.com"]